cohdb
Replays
Latest Replays
All Replays
Popular Replays
Top Player Replays
Match Explorer
How It Works
Community
CoH3 Stats
Reddit
Sign in to upload your games and track your stats! →
Sign in with Steam
Match 41333046
Unlisted
Match 41333046
Overview
Messages
Build Orders
End
Panzergrenadier Squad
250 Light Carrier
Panzergrenadier Squad
Construct Light Support Kompanie
Combat Half-tracks
2.5-tonne Medical Truck
Fire Support Elements
Selects Armored Support Battlegroup
Selects Superior Fire Drills
Veteran Squad Leaders
Pak 38 Mechanized Group
Selects Salvage Kits
Construct Panzerarmee Kommand
Panzerjäger Squad
Emergency Repair Kits
Panzer III L Medium Tank
Rapid Advance
Panzer III L Medium Tank
Pak 38 Mechanized Group
Walking Stuka Rocket Launcher
Panzergrenadier Squad
Selects Panzer Storm
Selects Stuka Anti-tank Loiter
Vehicle Survival Package
Panzer III L Medium Tank
Selects Flammpanzer III Medium Tank
Pak 38 Mechanized Group
Tungsten Core Ammunition
我真的不是驴
Destroyer
SNIPER
ana ana ana ana ana ana ana ana
0
0
Comments
sign in to comment!
No comments posted yet!